 Dungeon Crawl Stone Soup version 0.30-a0-778-g2ef04afb54 (webtiles) character file.

Game seed: 10734965524607351062

23 bobo the Digger (level 3, -6/26 HPs)
             Began as a Human Earth Elementalist on Feb 15, 2023.
             Mangled by Terence
             ... wielding a +5 mace of venom
              (9 damage)
             ... on level 2 of the Dungeon.
             The game lasted 00:03:01 (906 turns).

bobo the Digger (Human Earth Elementalist)           Turns: 906, Time: 00:03:01

Health: -6/26      AC:  2    Str:  8    XL:     3   Next: 12%
Magic:  1/6        EV: 12    Int: 17    God:
Gold:   32         SH:  0    Dex: 13    Spells: 0/6 levels left

rFire   . . .      SeeInvis .    d - +0 spear
rCold   . . .      Faith    .    (no shield)
rNeg    . . .      Spirit   .    a - +0 robe
rPois   +          Reflect  .    (no helmet)
rElec   .          Harm     .    (no cloak)
rCorr   .          Rampage  .    (no gloves)
Will    .....                    (no boots)
Stlth   ++                       (no amulet)
HPRegen 0.24/turn                c - ring of poison resistance
MPRegen 0.10/turn                (no ring)

@: lethally poisoned (-6 -> -18), very slightly contaminated
A: no striking features
a: no special abilities


You were on level 2 of the Dungeon.
You visited 1 branch of the dungeon, and saw 2 of its levels.

You collected 32 gold pieces.

Inventory:

Hand Weapons
 d - a +0 spear (weapon)
Armour
 a - a +0 robe (worn)
Jewellery
 c - a ring of poison resistance (left hand)
Scrolls
 g - a scroll of teleportation {unknown}
 h - a scroll of identify {unknown}
Potions
 b - 2 potions of magic
 e - 2 potions of ambrosia {unknown}
 f - a potion of cancellation {unknown}
 i - a potion of mutation {unknown}


   Skills:
 + Level 1.2 Fighting
 - Level 2.0 Dodging
 - Level 2.0 Stealth
 + Level 2.4 Spellcasting
 + Level 0.0 Conjurations
 - Level 1.0 Transmutations
 + Level 3.3 Earth Magic


You couldn't memorise any spells.
You knew the following spells:

 Your Spells              Type           Power      Damage    Failure   Level
a - Sandblast             Erth           26%        2d8       4%          1
s - Stone Arrow           Conj/Erth      14%        3d7       28%         3
w - Passwall              Tmut/Erth      7%         N/A       12%         2

Your spell library contained the following spells:

 Spells                   Type           Power      Damage    Failure   Level
 Kiss of Death            Conj/Necr      8%         2d6       19%         1
 Confusing Touch          Hex            2%         N/A       50%         3
 Petrify                  Tmut/Erth      9%         N/A       58%         4
 Dispel Undead            Necr           2%         3d7       88%         4


Dungeon Overview and Level Annotations

Branches:
Dungeon (1/15)

Altars:

Annotations:
D:2 Terence


Message History

Press: ? - help, Shift-Dir - straight line, f - Terence
Aim: Terence, wielding a +5 mace of venom and wearing a +0 scale mail (84% to hit)
The blast of sand hits Terence but does no damage.
Casting: Sandblast (safe; 4% risk of failure)
Confirm with . or Enter, or press ? or * to list all spells.
Aiming: Sandblast (safe; 4% risk of failure)
Press: ? - help, Shift-Dir - straight line, f/p - Terence
Aim: Terence, wielding a +5 mace of venom and wearing a +0 scale mail (84% to hit)
The blast of sand hits Terence but does no damage.
Casting: Sandblast (safe; 4% risk of failure)
Confirm with . or Enter, or press ? or * to list all spells.
Aiming: Sandblast (safe; 4% risk of failure)
Press: ? - help, Shift-Dir - straight line, f/p - Terence
Aim: Terence, wielding a +5 mace of venom and wearing a +0 scale mail (84% to hit)
You miscast Sandblast.
You are very lightly contaminated with residual magic.
Nothing appears to happen.
Terence hits you with a +5 mace of venom.
You are poisoned.
Casting: Sandblast (safe; 4% risk of failure)
Confirm with . or Enter, or press ? or * to list all spells.
Aiming: Passwall (safe; 12% risk of failure)
Press: ? - help, Dir - move target, p - Terence A rock wall.
This rock feels extremely deep.
You feel very sick. Terence attacks as you move away!
Terence hits you with a +5 mace of venom!
You are lethally poisoned!
* * * LOW HITPOINT WARNING * * *
You feel very sick.
Casting: Passwall (safe; 12% risk of failure)
Confirm with . or Enter, or press ? or * to list all spells.
Aiming: Passwall (safe; 12% risk of failure)
Press: ? - help, Dir - move target A rock wall.
* * * LOW HITPOINT WARNING * * *
You feel very sick.
Terence hits you with a +5 mace of venom!
You die...

......# #.......#.#
......# #######.#.#
......# #.........#
......####.#####.###
......'..#.# #.#
......##.#.# #.#####
.†....##.#.# #.....#
.)....##.#'#########.#
######.......##.@..#.#
#.......##@##.#.#
#...>.^.##.##.#.#
#.....(.##w##.#.#
##########.##...#
#'###### ... .....
.......


You could see Terence and a worm.

Vanquished Creatures
  3 ball pythons
  2 endoplasms (D:1)
  A goblin (D:2)
  3 hobgoblins
  3 quokkas (D:1)
  4 bats (D:1)
  A frilled lizard (D:2)
  A kobold (D:1)
  3 rats
21 creatures vanquished.

Notes
Turn   | Place    | Note
-------+----------+-------------------------------------------
     0 | D:1      | bobo the Human Earth Elementalist began the quest for the
                  | Orb.
     0 | D:1      | Reached XP level 1. HP: 13/13 MP: 3/3
    84 | D:1      | Found a faded altar of an unknown god.
   161 | D:1      | Reached XP level 2. HP: 20/20 MP: 3/5
   207 | D:1      | Learned a level 2 spell: Passwall
   460 | D:1      | Reached skill level 1 in Fighting
   666 | D:1      | You fall into a shaft and drop 1 floor!
   733 | D:2      | Reached XP level 3. HP: 26/26 MP: 3/6
   865 | D:2      | Learned a level 3 spell: Stone Arrow
   874 | D:2      | Noticed Terence
   906 | D:2      | Mangled by Terence

Illustrated notes

Levels and vault maps discovered:
D:1:      roderic_dead_forest, layout_basic,
          ebering_ecumenical_altar_sacrificial, serial_glass, glass_columns_c,
          glass_columns_b, minmay_strange_pillars, item_on_display_a,
          due_unseen_surprise, dk_noncrumbling_4, kennysheep_decorative_pillar
D:2:      layout_basic, uniq_terence

Skill      XL: |  1  2 |
---------------+-------+-----
Fighting       | 1 |  1.2
Dodging        | |  2.0
Stealth        | |  2.0
Spellcasting   | |  2.4
Transmutations | |  1.0
Earth Magic    | |  3.3

Action                     || total
---------------------------++-------
  Melee: Spear             ||     9
   Cast: Sandblast         ||    34
         Passwall          ||     2
 Armour: Robe              ||     4
  Dodge: Dodged            ||    10

Table legend: (Time is in decaauts)
 A = Elapsed time spent in this place.
 B = Non-inter-level travel time spent in this place.
 C = Inter-level travel time spent in this place.
 D = Time resting spent in this place.
 E = Time spent auto-exploring this place.
 F = Levels seen in this place.
 G = Mean time per level.
                   A        B        C        D        E       F      G
               +--------+--------+--------+--------+--------+-----+--------+
         Total |    922 |    922 |      0 |      0 |    755 |   2 |  461.0 |
       Dungeon |    922 |    922 |      0 |      0 |    755 |   2 |  461.0 |
               +--------+--------+--------+--------+--------+-----+--------+

Top non-repeatable levels by time:
     D:1: 678 daAuts
     D:2: 243 daAuts
